 Dungeon Crawl Stone Soup version 0.29.1-2-gbd0b4ee654 (webtiles) character file.

Game seed: 6858676154685377873

52 cdecastro the Changer (level 3, 0/26 HPs)
             Began as a Merfolk Transmuter on Nov 11, 2022.
             Was a Follower of Kikubaaqudgha.
             Slain by a gnoll
             ... wielding a +0 halberd
              (12 damage)
             ... on level 3 of the Dungeon.
             The game lasted 00:02:10 (2238 turns).

cdecastro the Changer (Merfolk Transmuter)          Turns: 2238, Time: 00:02:10

Health: 0/26       AC:  3    Str: 10    XL:     3   Next: 85%
Magic:  5/6        EV: 12    Int: 14    God:    Kikubaaqudgha [*.....]
Gold:   140        SH:  0    Dex: 14    Spells: 5/6 levels left

rFire   . . .      SeeInvis .     - Unarmed
rCold   . . .      Faith    .   (no shield)
rNeg    . . .      Spirit   .   a - +0 robe
rPois   .          Reflect  .   (helmet currently unavailable)
rElec   .          Harm     .   (no cloak)
rCorr   .          Rampage  .   o - +0 pair of gloves
Will    .....                   (boots currently unavailable)
Stlth   +.........              (no amulet)
HPRegen 0.08/turn               (no ring)
MPRegen 0.10/turn               (no ring)

@: appendages
A: horns 2, (nimble swimmer 2), mertail
a: End Transformation, Renounce Religion, Unearth Wretches


You were on level 3 of the Dungeon.
You worshipped Kikubaaqudgha.
Kikubaaqudgha was aware of your devotion.
You had temporarily grown beastly horns.
You visited 1 branch of the dungeon, and saw 3 of its levels.

You collected 140 gold pieces.

Inventory:

Missiles
 h - a throwing net
 i - 2 curare-tipped darts
 k - 2 javelins
 m - a boomerang
 n - 9 stones
Armour
 a - a +0 robe (worn)
 o - a +0 pair of gloves (worn)
 r - a +2 pair of boots (melded)
Magical Staves
 j - a staff of cold
Scrolls
 c - 2 scrolls of identify {unknown}
 d - a scroll of fog {unknown}
 l - 2 scrolls of poison {unknown}
 q - a scroll of enchant armour {unknown}
Potions
 b - a potion of lignification
 e - 2 potions of haste {unknown}
 f - a potion of heal wounds {unknown}
 g - a potion of flight {unknown}
 p - a potion of curing {unknown}
 s - a potion of degeneration {unknown}


   Skills:
 - Level 1.1 Fighting
 - Level 2.6 Dodging
 + Level 4.0 Unarmed Combat
 - Level 2.0 Spellcasting
 * Level 4.7 Transmutations


You had 5 spell levels left.
You knew the following spells:

 Your Spells              Type           Power      Damage    Failure   Level
a - Beastly Appendage     Tmut           28%        N/A       3%          1

Your spell library contained the following spells:

 Spells                   Type           Power      Damage    Failure   Level
 Wereblood                Tmut           14%        N/A       5%          2
 Necrotise                Necr           4%         1d4       24%         1
 Spider Form              Tmut/Pois      7%         N/A       26%         3
 Sublimation of Blood     Necr           1%         N/A       34%         2
 Vampiric Draining        Necr           1%         2d6       56%         3
 Ice Form                 Ice/Tmut       7%         N/A       65%         4
 Anguish                  Hex/Necr       0%         N/A       93%         4


Dungeon Overview and Level Annotations

Branches:
Dungeon (3/15)

Altars:
Kikubaaqudgha

Shops:
D:1 (


Innate Abilities, Weirdness & Mutations

You have temporarily grown beastly horns.
((You are very nimble when in or above water. (Stealth+, EV+, Speed+++)))
Your lower body shifts to a powerful aquatic tail in water.


Message History

The gnoll shouts!
A gnoll is nearby!
A gnoll is nearby!
A gnoll is nearby!
A gnoll comes into view. It is wielding a +0 halberd.
Casting: Beastly Appendage (safe; 3% risk of failure)
Press: ? - help, Q - select action, (/) - cycle Dir - look around, f - activate You grow a pair of large bovine horns.
Your +2 pair of boots melds into your body.
Unknown command.
You barely miss the gnoll. The gnoll barely misses you.
You closely miss the gnoll. You headbutt the gnoll.
The gnoll is heavily wounded.
The gnoll completely misses you.
You barely miss the gnoll.
The gnoll is heavily wounded.
The gnoll hits you from afar with a +0 halberd!
The gnoll closely misses you.
You barely miss the gnoll.
The gnoll is heavily wounded.
The gnoll hits you with a +0 flail.
* * * LOW HITPOINT WARNING * * *
A gnoll comes into view. It is wielding a +0 whip.
The gnoll closely misses you.
You hit the gnoll but do no damage.
The gnoll is heavily wounded.
The gnoll closely misses you. The gnoll completely misses you.
You hit the gnoll.
The gnoll is almost dead.
The gnoll barely misses you. x2
You barely miss the gnoll. You headbutt the gnoll.
You kill the gnoll!
Kikubaaqudgha accepts your kill.
Your Unarmed Combat skill increases to level 4!
The gnoll barely misses you.
Things that are here:
a +0 flail; a gnoll corpse The gnoll attacks as you move away!
The gnoll hits you with a +0 halberd!
You die...
Kikubaaqudgha rasps: "You have failed me!
Welcome... death!"

#### ..$
#.. #g#
#g# #@#
#.# ##.##
#.# #...#
#.#
##.#.#.#
#.#
##.##.##.#
#.#
#.#...#
#.# # #.#
##.)### ##
# #.#
##.##


You could see 2 gnolls.

Vanquished Creatures
  A gnoll (D:3)
  A worm (D:2)
  2 dart slugs
  2 orcs (D:2)
  5 endoplasms
  4 giant cockroaches
  3 goblins
  2 hobgoblins
  2 quokkas (D:2)
  3 ball pythons
  A bat (D:2)
  A frilled lizard (D:3)
  3 rats
30 creatures vanquished.

Notes
Turn   | Place    | Note
-------+----------+-------------------------------------------
     0 | D:1      | cdecastro the Merfolk Transmuter began the quest for the
                  | Orb.
     0 | D:1      | Reached XP level 1. HP: 15/15 MP: 3/3
   228 | D:1      | Found Izxaeriz's Weapon Shop.
   335 | D:1      | Reached XP level 2. HP: 19/21 MP: 5/5
   417 | D:1      | Found a faded altar of an unknown god.
   427 | D:1      | Prayed at the altar of an unknown god.
   427 | D:1      | Became a worshipper of Kikubaaqudgha
   427 | D:1      | Reached * piety under Kikubaaqudgha
   427 | D:1      | Received a gift from Kikubaaqudgha
  1329 | D:2      | Reached XP level 3. HP: 25/26 MP: 4/6
  2238 | D:3      | Slain by a gnoll

Illustrated notes

Levels and vault maps discovered:
D:1:      saegor_arrival_simple_e, layout_basic,
          chequers_ecumenical_altar_simple_redux, serial_shops, shop
D:2:      cheibrodos_helix_gallery, layout_basic
D:3:      layout_loops_ring, uniq_ijyb

Skill      XL: |  1  2  3 |
---------------+----------+-----
Transmutations | 3 4 |  4.7
Unarmed Combat | 4 |  4.0
Fighting       | |  1.1
Dodging        | |  2.6
Spellcasting   | |  2.0

Action                   || total
-------------------------++-------
Melee: Unarmed           ||   101
       Punch             ||     3
       Headbutt          ||    11
 Cast: Beastly Appendage ||    10
 Stab: Sleeping          ||     1
Armor: Robe              ||    16
Dodge: Dodged            ||    55
